ATL
SOMERSET PATRIOTS @ ROAD WARRIORS
08/21/2072
 
TOP OF THE 1ST
Alpine Cowboys batting - Pitching for Wasco Reserves : RHP Conyal Cody
Pitching: RHP Conyal Cody
Batting: RHB Marco Sisneros 0-0: Called Strike
0-1: SINGLE (Groundball, 6M, EV 86.2 MPH) (infield hit)
Batting: RHB Jesus Cordoba 0-0: Ball
1-0: Ball
2-0: Called Strike
2-1: Ball
3-1: Base on Balls
Marco Sisneros to second
Batting: LHB Angelo Reynoso 0-0: Ball
1-0: Called Strike
1-1: Ball
2-1: Called Strike
2-2: Fly out, F8 (Flyball, 8LXD, EV 91.9 MPH)
Runner from 2nd tags up, SAFE at 3rd, no throw by CF
Batting: RHB Marty Stewart 0-0: Grounds into double play, 5-4-3 (Groundball, 56, EV 83.8 MPH)
Top of the 1st over - 0 runs, 1 hit, 0 errors, 1 left on base; Alpine 0 - Wasco 0
BOTTOM OF THE 1ST
Wasco Reserves batting - Pitching for Alpine Cowboys : RHP Dan Hammond
Pitching: RHP Dan Hammond
Batting: RHB Nelson Rivas 0-0: Ball
1-0: Called Strike
1-1: Called Strike
1-2: Strikes out looking
Batting: LHB M.J. Rookard 0-0: Swinging Strike
0-1: Foul Ball, location: 2F
0-2: Ball
1-2: Strikes out swinging
Batting: RHB Mason Smith 0-0: Fly out, F3 (Line Drive, 3, EV 65.6 MPH)
Bottom of the 1st over - 0 runs, 0 hits, 0 errors, 0 left on base; Alpine 0 - Wasco 0
TOP OF THE 2ND
Alpine Cowboys batting - Pitching for Wasco Reserves : RHP Conyal Cody
Batting: RHB Herman Maessen 0-0: Foul Ball, location: 2F
0-1: Ball
1-1: Foul Ball, location: 2F
1-2: Ball
2-2: Ball
3-2: Fly out, F7 (Flyball, 7S, EV 85.6 MPH)
Batting: LHB Ethan Skowronski 0-0: Ground out 6-3 (Groundball, 6, EV 103.8 MPH)
Batting: RHB Zach Dolce 0-0: Ball
1-0: Ball
2-0: Called Strike
2-1: Fly out, F8 (Flyball, 89M, EV 86.2 MPH)
Top of the 2nd over - 0 runs, 0 hits, 0 errors, 0 left on base; Alpine 0 - Wasco 0
BOTTOM OF THE 2ND
Wasco Reserves batting - Pitching for Alpine Cowboys : RHP Dan Hammond
Batting: RHB Trey Ellis 0-0: Swinging Strike
0-1: Swinging Strike
0-2: Ball
1-2: Strikes out swinging
Batting: RHB David Hook 0-0: Foul Ball, location: 2F
0-1: Foul Ball, location: 2F
0-2: Foul Ball, location: 2F
0-2: Ground out 6-3 (Groundball, 6, EV 81.2 MPH)
Batting: RHB Cesar Perez 0-0: Ball
1-0: Called Strike
1-1: Reached on error, E6 (Groundball, 6M, EV 100.0 MPH)
Batting: RHB Vaihab Dasai 0-0: Called Strike
0-1: SINGLE (Groundball, 6MD, EV 96.9 MPH)
Cesar Perez to third
Runner from 3rd tries for Home, SAFE, throw by CF to home
Batting: RHB Tony Vasquez 0-0: Ball
1-0: Called Strike
1-1: Foul Ball, location: 2F
1-2: Ball
Vaihab Dasai steals 2nd base
2-2: Strikes out swinging
Bottom of the 2nd over - 1 run, 1 hit, 1 error, 1 left on base; Alpine 0 - Wasco 1
TOP OF THE 3RD
Alpine Cowboys batting - Pitching for Wasco Reserves : RHP Conyal Cody
Batting: RHB Juan Diaz 0-0: Ball
1-0: Foul Ball, location: 2F
1-1: Fly out, F7 (Line Drive, 7, EV 88.1 MPH)
Batting: SHB Dan Hammond 0-0: Called Strike
0-1: Ground out 4-3 (Groundball, 4S, EV 68.1 MPH)
Batting: RHB Marco Sisneros 0-0: Ball
1-0: Called Strike
1-1: Foul Ball, location: 2F
1-2: Strikes out looking
Top of the 3rd over - 0 runs, 0 hits, 0 errors, 0 left on base; Alpine 0 - Wasco 1
BOTTOM OF THE 3RD
Wasco Reserves batting - Pitching for Alpine Cowboys : RHP Dan Hammond
Batting: RHB Conyal Cody 0-0: Foul Ball, location: 2F
0-1: Swinging Strike
0-2: Ball
1-2: Ball
2-2: Strikes out looking
Batting: RHB Nelson Rivas 0-0: Ball
1-0: Ball
2-0: Ground out 4-3 (Groundball, 4, EV 75.6 MPH)
Batting: LHB M.J. Rookard 0-0: Foul Ball, location: 2F
0-1: Called Strike
0-2: Strikes out swinging
Bottom of the 3rd over - 0 runs, 0 hits, 0 errors, 0 left on base; Alpine 0 - Wasco 1
TOP OF THE 4TH
Alpine Cowboys batting - Pitching for Wasco Reserves : RHP Conyal Cody
Batting: RHB Jesus Cordoba 0-0: Called Strike
0-1: Ball
1-1: Foul Ball, location: 2F
1-2: Ground out 6-3 (Groundball, 6, EV 105.6 MPH)
Batting: LHB Angelo Reynoso 0-0: Ball
1-0: Ball
2-0: Called Strike
2-1: Ball
3-1: Foul Ball, location: 2F
3-2: Fly out, F7 (Flyball, 7D, EV 91.2 MPH)
Batting: RHB Marty Stewart 0-0: Called Strike
0-1: Ball
1-1: Ball
2-1: Ball
3-1: Ground out 5-3 (Groundball, 56S, EV 91.9 MPH)
Top of the 4th over - 0 runs, 0 hits, 0 errors, 0 left on base; Alpine 0 - Wasco 1
BOTTOM OF THE 4TH
Wasco Reserves batting - Pitching for Alpine Cowboys : RHP Dan Hammond
Batting: RHB Mason Smith 0-0: SINGLE (Groundball, 56D, EV 99.4 MPH)
Batting: RHB Trey Ellis 0-0: Grounds into double play, 5-4-3 (Groundball, 56, EV 80.0 MPH)
Batting: RHB David Hook 0-0: Ball
1-0: Called Strike
1-1: Ball
2-1: Foul Ball, location: 2F
2-2: Ball
3-2: Fly out, F3 (Popup, 3F, EV 71.9 MPH)
Bottom of the 4th over - 0 runs, 1 hit, 0 errors, 0 left on base; Alpine 0 - Wasco 1
TOP OF THE 5TH
Alpine Cowboys batting - Pitching for Wasco Reserves : RHP Conyal Cody
Batting: RHB Herman Maessen 0-0: Swinging Strike
0-1: Ball
1-1: Ball
2-1: Swinging Strike
2-2: Ball
3-2: Fly out, F9 (Flyball, 9S, EV 95.0 MPH)
Batting: LHB Ethan Skowronski 0-0: Ball
1-0: Called Strike
1-1: Foul Ball, location: 2F
1-2: Ball
2-2: Ball
3-2: Base on Balls
Batting: RHB Zach Dolce 0-0: Foul Ball, location: 2F
0-1: Ball
1-1: Ball
2-1: Swinging Strike
2-2: Ball
3-2: Foul Ball, location: 2F
3-2: Fly out, F7 (Line Drive, 7, EV 99.4 MPH)
Batting: RHB Juan Diaz 0-0: Ball
1-0: Foul Ball, location: 2F
1-1: Ground out 4-3 (Groundball, 34, EV 104.4 MPH)
Top of the 5th over - 0 runs, 0 hits, 0 errors, 1 left on base; Alpine 0 - Wasco 1
BOTTOM OF THE 5TH
Wasco Reserves batting - Pitching for Alpine Cowboys : RHP Dan Hammond
Batting: RHB Cesar Perez 0-0: Ball
1-0: Ball
2-0: Foul Ball, location: 2F
2-1: Foul Ball, location: 2F
2-2: SINGLE (Flyball, 7LS, EV 88.8 MPH)
Batting: RHB Vaihab Dasai 0-0: SINGLE (Line Drive, 34D, EV 101.2 MPH)
Cesar Perez to second
Batting: RHB Tony Vasquez 0-0: SINGLE (Line Drive, 89M, EV 108.1 MPH)
Cesar Perez to third
Vaihab Dasai to second
Batting: RHB Conyal Cody 0-0: Ball
1-0: Ball
2-0: Ball
3-0: Base on Balls
Cesar Perez scores
Vaihab Dasai to third
Tony Vasquez to second
Batting: RHB Nelson Rivas 0-0: SINGLE (Line Drive, 7S, EV 109.4 MPH)
Vaihab Dasai scores
Tony Vasquez to third
Conyal Cody to second
Batting: LHB M.J. Rookard 0-0: Ball
1-0: Called Strike
1-1: Ball
2-1: Ball
3-1: Foul Ball, location: 2F
3-2: Base on Balls
Tony Vasquez scores
Conyal Cody to third
Nelson Rivas to second
Batting: RHB Mason Smith 0-0: Called Strike
0-1: Ball
1-1: Foul Ball, location: 2F
1-2: Foul Ball, location: 2F
1-2: Ball
2-2: Grounds into fielders choice U2 (Groundball, 2L, EV 65.6 MPH)
Nelson Rivas to third
M.J. Rookard to second
Batting: RHB Trey Ellis 0-0: Called Strike
0-1: Swinging Strike
0-2: Ball
1-2: Ball
2-2: Ball
3-2: Fly out, F7 (Flyball, 78D, EV 101.9 MPH)
Runner from 3rd tags up, SCORES, throw by LF
M.J. Rookard to third
Batting: RHB David Hook 0-0: Foul Ball, location: 2F
0-1: Called Strike
0-2: Foul Ball, location: 2F
0-2: Strikes out swinging
Bottom of the 5th over - 4 runs, 4 hits, 0 errors, 2 left on base; Alpine 0 - Wasco 5
TOP OF THE 6TH
Alpine Cowboys batting - Pitching for Wasco Reserves : RHP Conyal Cody
Batting: SHB Dan Hammond 0-0: Called Strike
0-1: Called Strike
0-2: Foul Ball, location: 2F
0-2: Strikes out looking
Batting: RHB Marco Sisneros 0-0: Ball
1-0: Fly out, F7 (Flyball, 7LD, EV 101.9 MPH)
Batting: RHB Jesus Cordoba 0-0: Ball
1-0: Foul Ball, location: 2F
1-1: SINGLE (Groundball, 56, EV 80.6 MPH) (infield hit)
Batting: LHB Angelo Reynoso 0-0: Ball
1-0: Ball
2-0: 2-RUN HOME RUN (Flyball, 89XD, EV 98.8 MPH), Distance : 373 ft
Batting: RHB Marty Stewart 0-0: Ball
1-0: Called Strike
1-1: SINGLE (Groundball, 34D, EV 96.9 MPH)
Batting: RHB Herman Maessen 0-0: Called Strike
0-1: Ball
1-1: Foul Ball, location: 2F
1-2: Ball
2-2: Fly out, F7 (Flyball, 78S, EV 89.4 MPH)
Top of the 6th over - 2 runs, 3 hits, 0 errors, 1 left on base; Alpine 2 - Wasco 5
BOTTOM OF THE 6TH
Wasco Reserves batting - Pitching for Alpine Cowboys : RHP Dan Hammond
Batting: RHB Cesar Perez 0-0: Ball
1-0: Ball
2-0: Called Strike
2-1: SINGLE (Line Drive, 4MD, EV 97.5 MPH)
Batting: RHB Vaihab Dasai 0-0: Ball
1-0: Called Strike
1-1: Foul Ball, location: 2F
1-2: Ball
2-2: Strikes out swinging
Batting: RHB Tony Vasquez 0-0: Fly out, F8 (Flyball, 89D, EV 87.5 MPH)
Batting: RHB Conyal Cody 0-0: Ground out 5-3 (Groundball, 56S, EV 84.4 MPH)
Bottom of the 6th over - 0 runs, 1 hit, 0 errors, 1 left on base; Alpine 2 - Wasco 5
TOP OF THE 7TH
Alpine Cowboys batting - Pitching for Wasco Reserves : RHP Conyal Cody
Batting: LHB Ethan Skowronski 0-0: Ball
1-0: Foul Ball, location: 2F
1-1: Fly out, F6 (Flyball, 56D, EV 86.2 MPH)
Batting: RHB Zach Dolce 0-0: Swinging Strike
0-1: Ball
1-1: Called Strike
1-2: Strikes out looking
Batting: RHB Juan Diaz 0-0: Ball
1-0: Foul Ball, location: 2F
1-1: Called Strike
1-2: Ball
2-2: SINGLE (Groundball, 56S, EV 70.6 MPH) (infield hit)
Batting: SHB Dan Hammond 0-0: Called Strike
0-1: Swinging Strike
0-2: Ball
1-2: Strikes out looking
Top of the 7th over - 0 runs, 1 hit, 0 errors, 1 left on base; Alpine 2 - Wasco 5
BOTTOM OF THE 7TH
Wasco Reserves batting - Pitching for Alpine Cowboys : RHP Dan Hammond
Batting: RHB Nelson Rivas 0-0: Fly out, F9 (Flyball, 89M, EV 88.1 MPH)
Batting: LHB M.J. Rookard 0-0: DOUBLE (Line Drive, 9LM, EV 96.9 MPH)
Batting: RHB Mason Smith 0-0: Ball
1-0: Called Strike
1-1: Called Strike
1-2: Strikes out swinging
Batting: RHB Trey Ellis 0-0: 2-RUN HOME RUN (Flyball, 9D, EV 91.2 MPH), Distance : 363 ft
Pitching: RHP Marco Silva
Batting: RHB David Hook 0-0: SINGLE (Flyball, 56D, EV 96.2 MPH)
Batting: RHB Cesar Perez 0-0: SINGLE (Flyball, 7S, EV 88.1 MPH)
David Hook to second
Batting: RHB Vaihab Dasai 0-0: Foul Ball, location: 2F
0-1: Ball
1-1: Foul Ball, location: 2F
1-2: Strikes out swinging
Bottom of the 7th over - 2 runs, 4 hits, 0 errors, 2 left on base; Alpine 2 - Wasco 7
TOP OF THE 8TH
Alpine Cowboys batting - Pitching for Wasco Reserves : RHP Conyal Cody
Pitching: RHP Ryan Schroeder
Batting: RHB Marco Sisneros 0-0: Ball
1-0: Ball
2-0: Called Strike
2-1: Ball
3-1: Called Strike
3-2: Foul Ball, location: 2F
3-2: Foul Ball, location: 2F
3-2: Foul Ball, location: 2F
3-2: Base on Balls
Batting: RHB Jesus Cordoba 0-0: Ball
1-0: Grounds into double play, 4-6-3 (Groundball, 4M, EV 90.6 MPH)
Batting: LHB Angelo Reynoso 0-0: SINGLE (Line Drive, 8RS, EV 98.8 MPH)
Batting: RHB Marty Stewart 0-0: Ground out 6-3 (Groundball, 6MS, EV 77.5 MPH)
Top of the 8th over - 0 runs, 1 hit, 0 errors, 1 left on base; Alpine 2 - Wasco 7
BOTTOM OF THE 8TH
Wasco Reserves batting - Pitching for Alpine Cowboys : RHP Marco Silva
Batting: RHB Tony Vasquez 0-0: Fly out, F8 (Flyball, 8RS, EV 91.2 MPH)
Batting: RHB Ryan Schroeder 0-0: Ground out 5-3 (Groundball, 56S, EV 89.4 MPH)
Batting: RHB Nelson Rivas 0-0: Ball
1-0: SINGLE (Flyball, 8RS, EV 94.4 MPH) - OUT at second base trying to stretch hit.
Bottom of the 8th over - 0 runs, 1 hit, 0 errors, 0 left on base; Alpine 2 - Wasco 7
TOP OF THE 9TH
Alpine Cowboys batting - Pitching for Wasco Reserves : RHP Ryan Schroeder
Batting: RHB Herman Maessen 0-0: Called Strike
0-1: Foul Ball, location: 2F
0-2: Foul Ball, location: 2F
0-2: Ball
1-2: Strikes out looking
Batting: LHB Ethan Skowronski 0-0: Called Strike
0-1: Ground out U3 (Groundball, 3, EV 76.2 MPH)
Batting: RHB Zach Dolce 0-0: SINGLE (Flyball, 9LS, EV 91.9 MPH)
Batting: RHB Juan Diaz 0-0: Foul Ball, location: 2F
0-1: Ball
1-1: Ball
2-1: Foul Ball, location: 2F
2-2: Ball
3-2: Base on Balls
Zach Dolce to second
Pinch Hitting: LHB Juan Torres 0-0: Ball
1-0: Called Strike
1-1: Fly out, F8 (Flyball, 8LD, EV 105.6 MPH)
Top of the 9th over - 0 runs, 1 hit, 0 errors, 2 left on base; Alpine 2 - Wasco 7
Sunday, October 31st , 2021 - OOTP Baseball 22.10 Build 79